[Event "Early-Titled-Tuesday-Blitz-April-23-2024"]
[Site "Chess.com"]
[Date "2024.04.23"]
[Round "10"]
[White "StelaSfw"]
[Black "ricaurtelopezj1955"]
[Result "0-1"]
[WhiteElo "1644"]
[BlackElo "2171"]
[TimeControl "180+1"]
[EndTime "10:00:18 PDT"]
[Termination "ricaurtelopezj1955 won by checkmate"]

1. e4 d6 2. Nf3 Nf6 3. d3 g6 4. c3 Bg7 5. Be2 c6 6. O-O Nbd7 7. Nbd2 e5 8. h3 O-O 9. Re1 b5 10. Nf1 Bb7 11. a4 a6 12. axb5 axb5 13. Rxa8 Qxa8 14.
Be3 h6 15. Qa1 Qb8 16. Qa7 c5 17. Qxb8 Rxb8 18. Ra1 Ra8 19. Rxa8+ Bxa8 20. b4 c4 21. dxc4 Nxe4 22. cxb5 Nxc3 23. Bc4 d5 24. Bd2 dxc4 25.
Bxc3 Bxf3 26. gxf3 Nb6 27. Ne3 f5 28. h4 h5 29. Kg2 Kf7 30. Kh3 Ke6 31. Kg2 Bf8 32. Kg3 f4+ 33. Kg2 fxe3 34. fxe3 Be7 35. Kg3 Nd5 36.
Bd2 Bxb4 37. Bxb4 Nxb4 38. b6 c3 39. b7 Nc6 40. f4 c2 41. fxe5 c1=Q 42. Kf3 Qf1+ 43.
Ke4 Qc4+ 44. Kf3 Kxe5 45. b8=Q+ Nxb8 46. e4 Qxe4+ 47. Kg3 Qe3+ 48. Kh2 Kf4 49. Kg2 Kg4 50. Kf1 Qd2 51. Kg1 Kf3 52. Kh1 Qg2# 0-1

[Event "Early-Titled-Tuesday-Blitz-April-23-2024"]
[Site "Chess.com"]
[Date "2024.04.23"]
[Round "10"]
[White "Roedor"]
[Black "Dewarfd"]
[Result "1-0"]
[WhiteElo "2348"]
[BlackElo "2085"]
[TimeControl "180+1"]
[EndTime "10:00:19 PDT"]
[Termination "Roedor won on time"]

1. c4 g6 2. g3 c6 3. Bg2 d5 4. Qa4 dxc4 5. Qxc4 Nf6 6. Nf3 Bg7 7. O-O O-O 8. d3 b5 9. Qc2 Bb7 10. a4 a6 11. Bf4 Nfd7 12. Nbd2 Qb6 13. Nb3 c5 14.
Be3 Rc8 15. Rfc1 Bd4 16. Bxd4 cxd4 17. a5 Rxc2 18. axb6 Rxc1+ 19. Rxc1 Nxb6 20. Na5 Bxf3 21. Bxf3 Ra7 22. b4 e6 23. h4 h5 24. Kf1 Kg7 25. Ke1 Na4 26. Rc8 Nd7 27. Nc6 Rb7 28. Nxd4 Rb8 29. Rc7 Ne5 30. Nxe6+ Kf6 31. Ng5 Nxf3+ 32. exf3 Rf8 33. Rc6+ Kg7 34. Rxa6 Nc3 35. Rb6 Ra8 36.
Kd2 Ra3 37. Rb7 Nd5 38. Rxf7+ Kg8 39. Rd7 Nxb4 40. d4 Ra2+ 41. Ke3 Nc2+ 42. Kf4 1-0

[Event "Early-Titled-Tuesday-Blitz-April-23-2024"]
[Site "Chess.com"]
[Date "2024.04.23"]
[Round "10"]
[White "LLariMarc"]
[Black "Alexei_Gubajdullin"]
[Result "1-0"]
[WhiteElo "2500"]
[BlackElo "2595"]
[TimeControl "180+1"]
[EndTime "10:00:20 PDT"]
[Termination "LLariMarc won by checkmate"]

1. d4 Nf6 2. c4 g6 3. g3 Bg7 4. Bg2 O-O 5. e4 d6 6. Nc3 Nbd7 7. Nge2 e5 8. O-O c6 9. h3 Re8 10. Be3 a5 11. Qc2 exd4 12. Nxd4 Nc5 13. Rad1 Qb6 14.
Rfe1 Qb4 15. a3 Qb6 16. b3 Nfd7 17. Rb1 Qa6 18. f4 Nf6 19. Bf2 a4 20. b4 Ne6 21.
b5 Nxd4 22. Bxd4 Qa5 23. bxc6 bxc6 24. e5 dxe5 25. fxe5 c5 26. exf6 Bf5 27. Ne4 cxd4 28. fxg7 Kxg7 29. Qd3 Rad8 30. g4 Bc8 31. Rf1 h5 32.
Rb5 Qc7 33. gxh5 Bf5 34. Rbxf5 gxf5 35. Rxf5 Kh8 36. Qd2 Qb6 37. Nf6 d3+ 38. c5 Qb1+ 39. Kh2 Qc1 40. Qxc1 d2 41. Qxd2 Rxd2 42. Nxe8 Rd3 43.
Rf3 Rd5 44. Rc3 f6 45. Nxf6 Rf5 46. c6 Rxf6 47. c7 Rf8 48. c8=Q Rxc8 49. Rxc8+ Kg7 50. Rc6 Kh7 51. h6 Kg8 52. Kg3 Kh7 53. Kh4 Kg8 54. Kg5 Kf7 55. Bd5+ Ke7 56. h7 Kd7 57. h8=Q Ke7 58. Qg7+ Kd8 59. Ra6 Kc8 60. Ra8# 1-0

[Event "Early-Titled-Tuesday-Blitz-April-23-2024"]
[Site "Chess.com"]
[Date "2024.04.23"]
[Round "10"]
[White "AnishOnYoutube"]
[Black "Keranke"]
[Result "1-0"]
[WhiteElo "3061"]
[BlackElo "2864"]
[TimeControl "180+1"]
[EndTime "10:00:26 PDT"]
[Termination "AnishOnYoutube won by resignation"]

1. Nf3 g6 2. c4 Bg7 3. g3 Nf6 4. Bg2 O-O 5. O-O d6 6. Nc3 c6 7. d4 Qa5 8. e4 Qh5 9. Ng5 Qxd1 10.
Rxd1 e5 11. d5 cxd5 12. exd5 Na6 13. Nb5 Rd8 14. Be3 b6 15. Nxa7 Rxa7 16. Bxb6 Rdd7 17. Bxa7 Rxa7 18. a3 h6 19. Nf3 Bg4 20. h3 Bxf3 21. Bxf3 Nd7 22. Rab1 f5 23. b4 e4 24. Be2 Nc7 25.
c5 dxc5 26. d6 Ne6 27. Bc4 Kf7 28. bxc5 Nxc5 29. Rb8 Be5 30. Rc8 Nd7 31. Rc7 Rxc7 32. dxc7 Nb6 33. Rc1 Nc8 34. Ba6 Nxc7 35. Bxc8 Ke7 36. a4 Kd6 37. a5 Bd4 38. Rd1 Kc5 39. a6 e3 40. a7 exf2+ 41. Kf1 Be3 42. Bb7 1-0

[Event "Early-Titled-Tuesday-Blitz-April-23-2024"]
[Site "Chess.com"]
[Date "2024.04.23"]
[Round "10"]
[White "Manukyan_Artak"]
[Black "Mikhail_Golubev"]
[Result "1-0"]
[WhiteElo "2478"]
[BlackElo "2577"]
[TimeControl "180+1"]
[EndTime "10:00:26 PDT"]
[Termination "Manukyan_Artak won on time"]

1. e4 c5 2. Nf3 d6 3. Bb5+ Bd7 4. Bxd7+ Qxd7 5. O-O Nc6 6. c4 g6 7. d4 cxd4 8. Nxd4 Bg7 9. Be3 Nf6 10. f3 O-O 11. Nc3 a6 12. a4 e6 13. Qd2 Ne5 14. b3 d5 15. cxd5 exd5 16. f4 Neg4 17. e5 Ne4 18. Nxe4 dxe4 19. Rad1 Rad8 20. h3 Nxe3 21. Qxe3 f5 22. Rd2 Rfe8 23. Rfd1 Qf7 24. Kh2 Bf8 25. Ne2 Rxd2 26. Rxd2 Rc8 27. Qd4 Qxb3 28. Qd7 Qc4 29. Qxb7 Rc7 30. Qb6 Be7 31. Qb8+ Kg7 32. Rd1 e3 33.
Rc1 Qxc1 34. Nxc1 Rxc1 35. Qa7 e2 36. Qxe7+ 1-0

[Event "Early-Titled-Tuesday-Blitz-April-23-2024"]
[Site "Chess.com"]
[Date "2024.04.23"]
[Round "10"]
[White "samidescalona2002"]
[Black "AsselLesbekova"]
[Result "0-1"]
[WhiteElo "2693"]
[BlackElo "2459"]
[TimeControl "180+1"]
[EndTime "10:00:26 PDT"]
[Termination "AsselLesbekova won on time"]

1. d4 d5 2. Bf4 e6 3. e3 Bd6 4. Nd2 Bxf4 5. exf4 Ne7 6. Ngf3 Qd6 7. g3 c5 8. dxc5 Qxc5 9. c3 Nbc6 10. Bd3 Bd7 11. Nb3 Qd6 12. Qe2 f6 13. O-O e5 14. fxe5 fxe5 15.
Nfd2 e4 16. Bc2 O-O 17. f3 Bh3 18. Rf2 exf3 19. Nxf3 Ng6 20. Ng5 Rxf2 21. Kxf2 Qf6+ 22. Nf3 Rf8 23. Bxg6 hxg6 24. Qd3 Ne5 25. Qxd5+ Be6 26. Qe4 Qxf3+ 27. Qxf3 Rxf3+ 28. Ke2 Bc4+ 29. Kd2 Rf2+ 30. Ke3 Re2+ 31. Kd4 Bxb3 32. axb3 Nc6+ 33. Kc4 Rxh2 34. b4 a6 35. Kc5 Rxb2 36. Kb6 Rb3 37. Rc1 a5 38. Kxb7 Ne7 0-1

[Event "Early-Titled-Tuesday-Blitz-April-23-2024"]
[Site "Chess.com"]
[Date "2024.04.23"]
[Round "10"]
[White "ChessMA48"]
[Black "Matols"]
[Result "1-0"]
[WhiteElo "2318"]
[BlackElo "2357"]
[TimeControl "180+1"]
[EndTime "10:00:26 PDT"]
[Termination "ChessMA48 won by resignation"]

1. d4 d5 2. Nf3 Nf6 3. c4 e6 4. g3 Bb4+ 5. Bd2 Be7 6. Bg2 O-O 7. O-O c6 8. Qc2 Nbd7 9. Nc3 b6 10. Rad1 Bb7 11. b3 Rc8 12. e4 dxc4 13. bxc4 Ba6 14.
Ne2 b5 15. c5 e5 16. dxe5 Ne8 17. Bf4 Nc7 18. Ned4 Bb7 19. Nf5 Ne6 20. Be3 g6 21. Nd6 Rc7 22. Rd2 Qb8 23. Rfd1 Ndxc5 24. Bxc5 Nxc5 25.
Qxc5 b4 26. Qxb4 c5 27. Qc4 Bc6 28. e6 Bxd6 29. Rxd6 Bb5 30. exf7+ Rcxf7 31. Qe6 Be2 32. Ng5 Bxd1 33. Nxf7 Rxf7 34. Rxd1 Kg7 35. Rd7 Rxd7 36. Qxd7+ Kh6 37. Qd5 Qb1+ 38. Bf1 Qc2 39. e5 a5 40. e6 c4 41. e7 1-0

[Event "Early-Titled-Tuesday-Blitz-April-23-2024"]
[Site "Chess.com"]
[Date "2024.04.23"]
[Round "10"]
[White "MikeWizard"]
[Black "Fjal"]
[Result "0-1"]
[WhiteElo "2185"]
[BlackElo "2327"]
[TimeControl "180+1"]
[EndTime "10:00:28 PDT"]
[Termination "Fjal won by resignation"]

1. d4 d6 2. e4 g6 3. c4 Bg7 4.
Nc3 c5 5. d5 Bxc3+ 6. bxc3 f5 7. Bd3 fxe4 8. Bxe4 Nf6 9. Bf3 O-O 10. Ne2 Nbd7 11. Bh6 Rf7 12. Nf4 Ne5 13. Ne6 Qa5 14. O-O Qxc3 15. Ng5 Nxf3+ 16. Qxf3 Qxf3 17. gxf3 Bf5 18. Rfe1 Nd7 19. Nxf7 Kxf7 20. Bg5 Re8 21. Re3 e6 22. Rae1 Ne5 23. dxe6+ Rxe6 24. Kg2 Nxc4 25. Rxe6 Bxe6 26. Rb1 b6 27. Bd8 Bd5 28. Kg3 Bxf3 29.
Rc1 Bd5 30. Rd1 Ke6 31. Bc7 b5 32. Kf4 a6 33. Kg5 Ne5 34. h3 Nf7+ 35. Kf4 Bxa2 36. Ra1 Bc4 37. Rxa6 b4 38. Rb6 Bd3 39. Ke3 Bc2 40.
Kd2 b3 41. Kc3 c4 42. Kxc4 Ne5+ 43. Kc3 Nf7 44. f4 h5 45. Kb2 Kf5 46. Bxd6 Nxd6 47.
Rxd6 Kxf4 48. Rc6 Kg3 49. Rc3+ Kh4 50. Re3 g5 51. Kc3 g4 52. hxg4 hxg4 53. Re2 g3 54. Kd4 Kh3 55. Ke3 b2 0-1

[Event "Early-Titled-Tuesday-Blitz-April-23-2024"]
[Site "Chess.com"]
[Date "2024.04.23"]
[Round "10"]
[White "Durarbayli"]
[Black "DenLaz"]
[Result "0-1"]
[WhiteElo "2927"]
[BlackElo "3112"]
[TimeControl "180+1"]
[EndTime "10:00:30 PDT"]
[Termination "DenLaz won on time"]

1. e4 c5 2. Nf3 e6 3. d4 cxd4 4. Nxd4 Nc6 5. Nc3 Qc7 6. Be3 a6 7. Qf3 Ne5 8. Qg3 h5 9. Bg5 h4 10. Bxh4 Rxh4 11. Qxh4 Ba3 12. Qh8 Kf8 13. Nd5 Qa5+ 14.
Kd1 Bxb2 15. Nb3 Qa3 16. Qh4 f6 17. Rb1 exd5 18. exd5 Qxa2 19. Qb4+ Ne7 20. Nd2 Ba3 21.
Qa5 Nxd5 22. Rb3 Qa1+ 23. Ke2 Nf4+ 24. Ke3 Qe1+ 25. Kxf4 Bd6 26. Qd5 Qxf2+ 27. Nf3 Ke7 28. Kf5 g6+ 29. Ke4 f5+ 0-1

[Event "Early-Titled-Tuesday-Blitz-April-23-2024"]
[Site "Chess.com"]
[Date "2024.04.23"]
[Round "10"]
[White "Thebigsqueeze"]
[Black "cthulhuuu"]
[Result "0-1"]
[WhiteElo "2321"]
[BlackElo "2479"]
[TimeControl "180+1"]
[EndTime "10:00:31 PDT"]
[Termination "cthulhuuu won by resignation"]

1. d4 Nf6 2. c4 e5 3. Nf3 exd4 4.
Nxd4 Bb4+ 5. Bd2 Qe7 6. Nc3 O-O 7. Nd5 Nxd5 8. cxd5 Bc5 9. Bc3 d6 10. Qd3 a5 11. e3 Na6 12. a3 Bd7 13. Be2 Bb6 14. Nf5 Bxf5 15. Qxf5 Nc5 16. O-O Ne4 17. Bd3 Rfe8 18. f3 Ng5 19. h4 g6 20. Qg4 f5 21.
Qg3 Qxe3+ 22. Kh1 Qxd3 23. Qxg5 Rf8 24. Rae1 Rf7 25. h5 f4 26. Kh2 Rf5 27. Qg4 Rxh5+ 28. Qxh5 gxh5 29. Rh1 Qg6 0-1

[Event "Early-Titled-Tuesday-Blitz-April-23-2024"]
[Site "Chess.com"]
[Date "2024.04.23"]
[Round "10"]
[White "rhwr"]
[Black "AccioChess"]
[Result "0-1"]
[WhiteElo "2287"]
[BlackElo "2430"]
[TimeControl "180+1"]
[EndTime "10:00:31 PDT"]
[Termination "AccioChess won by resignation"]

1. e4 e6 2. Nf3 d5 3. e5 c5 4. b4 cxb4 5. a3 bxa3 6. Bxa3 Bxa3 7.
Nxa3 Ne7 8. Nb5 O-O 9. Rxa7 Rxa7 10. Nxa7 Nbc6 11. Nb5 d4 12. Bd3 Nb4 13. Bxh7+ Kxh7 14. Ng5+ Kg6 15. Qg4 f5 16. exf6 Kxf6 17. Nh7+ Kf7 18. O-O Nf5 19. Nxf8 Qxf8 20. c3 dxc3 21. dxc3 Nd5 22. c4 Nf6 23. Qe2 Bd7 24. Re1 Qc8 25. g4 Bxb5 26. cxb5 Nd4 27. Qd3 Qc5 28. h3 Nxb5 29.
Rb1 Nd6 30. Qb3 b5 31. Re1 Nc4 32. Qf3 Nd2 33. Qf4 Qd4 34. Qxd4 Nf3+ 35. Kg2 Nxd4 36.
Rc1 Nd5 37. f4 Nxf4+ 38. Kf2 Nd3+ 39. Ke3 Nxc1 40. Kxd4 Ne2+ 41. Kc5 Nf4 42. Kxb5 Nxh3 43. Kc6 Nf2 44. Kd6 Nxg4 0-1

[Event "Early-Titled-Tuesday-Blitz-April-23-2024"]
[Site "Chess.com"]
[Date "2024.04.23"]
[Round "10"]
[White "yonaltimur"]
[Black "MarlonJodar"]
[Result "1-0"]
[WhiteElo "2396"]
[BlackElo "2280"]
[TimeControl "180+1"]
[EndTime "10:00:32 PDT"]
[Termination "yonaltimur won by resignation"]

1. e4 e5 2. Nf3 Nc6 3. Bb5 a6 4. Ba4 Nf6 5. O-O Be7 6. Re1 b5 7.
Bb3 d6 8. c3 O-O 9. h3 Nb8 10. d4 Nbd7 11. a4 Bb7 12. Nbd2 c5 13. d5 c4 14. Bc2 Re8 15. Qe2 Nc5 16. a5 Bc8 17. Nf1 Bd7 18. Ng3 g6 19. Be3 Qc7 20. Nd2 Bf8 21. f4 exf4 22. Bxf4 Bg7 23. Qf2 h5 24.
Bg5 Nh7 25. Be3 Nf6 26. Bd4 Nh7 27. Nf3 Bh6 28. e5 Nd3 29. Bxd3 cxd3 30. Rad1 d2 31. Nxd2 dxe5 32. Bb6 Qb7 33. Nde4 Rf8 34. Nc5 Qc8 35. Nge4 f5 36. Nd6 Qb8 37. Nxd7 Qxd6 38. Nxf8 Qxf8 39.
Rxe5 Bg7 40. Re6 Ng5 41. Rxg6 Ne4 42. Qd4 Kh7 43. Qxg7+ Qxg7 44. Rxg7+ Kxg7 45. d6 Kf7 46. d7 Ke7 47. d8=Q+ 1-0

[Event "Early-Titled-Tuesday-Blitz-April-23-2024"]
[Site "Chess.com"]
[Date "2024.04.23"]
[Round "10"]
[White "Grischuk"]
[Black "DominguezOnYoutube"]
[Result "1-0"]
[WhiteElo "3084"]
[BlackElo "2959"]
[TimeControl "180+1"]
[EndTime "10:00:33 PDT"]
[Termination "Grischuk won on time"]

1. d4 Nf6 2. c4 e6 3. Nc3 Bb4 4. e3 O-O 5. Bd3 c5 6. Nf3 d5 7. cxd5 exd5 8. dxc5 Nbd7 9. Bd2 Nxc5 10. Be2 Ne6 11. O-O d4 12. exd4 Nxd4 13. Nxd4 Qxd4 14. a3 Ba5 15. Rc1 Be6 16. Bf3 Rad8 17. Be3 Qxd1 18. Rfxd1 Bxc3 19. Rxd8 Rxd8 20. Rxc3 Nd5 21. Rd3 b6 22. h3 Kf8 23. Bd2 Ke7 24. Kh2 f6 25. g4 g5 26. Kg3 Rd7 27. h4 h6 28. Be4 a5 29. f3 Nc7 30. Rxd7+ Kxd7 31. f4 gxh4+ 32.
Kxh4 f5 33. gxf5 Bd5 34. Bd3 Ne8 35. Bc3 Nd6 36. Kh5 Ne4 37. Kxh6 Nxc3 38. bxc3 Ke7 39. Kg7 1-0

[Event "Early-Titled-Tuesday-Blitz-April-23-2024"]
[Site "Chess.com"]
[Date "2024.04.23"]
[Round "10"]
[White "Byniolus"]
[Black "sonicdravise"]
[Result "0-1"]
[WhiteElo "2804"]
[BlackElo "2624"]
[TimeControl "180+1"]
[EndTime "10:00:33 PDT"]
[Termination "sonicdravise won on time"]

1. e4 c5 2. b4 cxb4 3. a3 Nc6 4. axb4 Nxb4 5. c3 Nc6 6. Nf3 g6 7. d4 Bg7 8. Bc4 d6 9. Qb3 e6 10. d5 exd5 11. Bxd5 Qe7 12. O-O Nf6 13. Bg5 O-O 14.
Nbd2 h6 15. Bh4 g5 16. Bg3 Nh5 17. Nc4 Nxg3 18. hxg3 Be6 19. Rfd1 Rfd8 20. Ne3 Kh8 21. Rab1 Rab8 22. Nf5 Bxf5 23. exf5 Ne5 24. Nd4 g4 25. Re1 Rd7 26. Qa4 Rc7 27. Qxa7 Rbc8 28. c4 b5 29. Qa6 bxc4 30. Nb5 Rc5 31. Nxd6 Rf8 32. Bxc4 Rc6 0-1

[Event "Early-Titled-Tuesday-Blitz-April-23-2024"]
[Site "Chess.com"]
[Date "2024.04.23"]
[Round "10"]
[White "DamianoLew95"]
[Black "DvaHrasta"]
[Result "1/2-1/2"]
[WhiteElo "2754"]
[BlackElo "2436"]
[TimeControl "180+1"]
[EndTime "10:00:33 PDT"]
[Termination "Game drawn by repetition"]

1. e4 c6 2. Nf3 d5 3. d3 dxe4 4. dxe4 Qxd1+ 5. Kxd1 Bg4 6. Bd3 Nd7 7. Ke2 e5 8. Be3 Bc5 9. Nd2 Ne7 10. Nc4 O-O-O 11. h3 Bxf3+ 12. Kxf3 Kc7 13. Bxc5 Nxc5 14. Nxe5 f5 15.
exf5 Rhf8 16. g4 g6 17. Rhe1 gxf5 18. g5 Ng6 19. Nxg6 hxg6 20. Rad1 Rh8 21. Kg3 Rd7 22.
b4 Nxd3 23. Rxd3 Rdh7 24. Rh1 Re8 25. Re3 Rd8 26. h4 Rd4 27. Re6 Rg4+ 28. Kf3 Rg7 29. a3 Rc4 30. h5 gxh5 31. Rxh5 Rxc2 32. g6 Kd7 33. Rf6 Ra2 34. Rhxf5 Ke7 35. Rf7+ Ke6 36. Kg4 Rxg6+ 37. Kh5 Rg1 38. R7f6+ Ke7 39. Rf7+ Ke6 40. R7f6+ Ke7 41. Rf7+ Ke6 1/2-1/2

[Event "Early-Titled-Tuesday-Blitz-April-23-2024"]
[Site "Chess.com"]
[Date "2024.04.23"]
[Round "10"]
[White "azikom"]
[Black "whiteglovethief"]
[Result "1/2-1/2"]
[WhiteElo "2698"]
[BlackElo "2581"]
[TimeControl "180+1"]
[EndTime "10:00:35 PDT"]
[Termination "Game drawn by repetition"]

1. d4 Nf6 2. c4 c5 3. d5 b5 4. f3 d6 5. e4 g6 6. cxb5 Bg7 7. Ne2 O-O 8. Nec3 e6 9. Be2 exd5 10. Nxd5 a6 11. Nbc3 axb5 12. Nxb5 Bb7 13. Ndc3 d5 14. exd5 Nxd5 15. O-O Nxc3 16. Nxc3 Nc6 17. Qxd8 Rfxd8 18. Bg5 Re8 19. Bb5 Re5 20. Bf4 Rf5 21. Bg3 Nd4 22.
Bc4 Nc2 23. Bd3 Nxa1 24. Bxf5 gxf5 25. Rxa1 Bc8 26. Bf2 Rb8 27. Rd1 Be6 28. Bxc5 Bf6 29. Bd4 Bxd4+ 30. Rxd4 Rxb2 31. a4 Rc2 32. Nd5 Ra2 33.
Nf4 Bb3 34. Rb4 Bxa4 35. Nh5 Kf8 36. Rb8+ Ke7 37. Rb7+ Bd7 38. h3 Ra4 39. Kh2 f4 40. Nf6 Kxf6 41. Rxd7 Kg6 42. Rd5 h5 43. h4 f6 44. Rc5 Rb4 45. Ra5 Rc4 46. Rb5 Ra4 47. Rc5 Rb4 48. Ra5 Rc4 49. Rb5 Ra4 50. Rc5 1/2-1/2

[Event "Early-Titled-Tuesday-Blitz-April-23-2024"]
[Site "Chess.com"]
[Date "2024.04.23"]
[Round "10"]
[White "GMAneta"]
[Black "vedantgoswami"]
[Result "0-1"]
[WhiteElo "2490"]
[BlackElo "2395"]
[TimeControl "180+1"]
[EndTime "10:00:35 PDT"]
[Termination "vedantgoswami won by resignation"]

1. d4 Nf6 2. Nf3 e6 3. c4 Bb4+ 4. Bd2 Qe7 5. g3 Nc6 6. Bg2 O-O 7. O-O Bxd2 8. Nbxd2 d6 9. e4 e5 10. d5 Nb8 11.
Ne1 Nbd7 12. Nd3 Nc5 13. Nxc5 dxc5 14. f4 Nd7 15. Qf3 f6 16. f5 g5 17. fxg6 hxg6 18.
h4 Kg7 19. Bh3 Nb6 20. Bxc8 Nxc8 21. Qg4 Nd6 22. h5 g5 23. Nf3 Rh8 24. Kg2 Rh6 25. Rh1 Nxc4 26. Kf2 Nd6 27. Raf1 Rd8 28. Ke3 Qd7 29.
Nxe5 fxe5 30. Qxg5+ Kh7 31. Rf6 Rxf6 32. Qxf6 Qf7 33.
Qxe5 Re8 34. Qg5 Rxe4+ 35. Kd3 Qf3+ 36. Kc2 Re2+ 37. Kb1 Qxh1+ 0-1

[Event "Early-Titled-Tuesday-Blitz-April-23-2024"]
[Site "Chess.com"]
[Date "2024.04.23"]
[Round "10"]
[White "Sasha_Solovev_777"]
[Black "mortngabriel"]
[Result "0-1"]
[WhiteElo "2244"]
[BlackElo "2459"]
[TimeControl "180+1"]
[EndTime "10:00:36 PDT"]
[Termination "mortngabriel won on time"]

1. e4 c5 2. Nf3 Nc6 3. d4 cxd4 4. Nxd4 Nf6 5. Nc3 e5 6. Ndb5 d6 7. Bg5 a6 8. Na3 b5 9. Nd5 Be7 10. Bxf6 Bxf6 11. c3 O-O 12. h4 g6 13. h5 Bg5 14. Nc2 Rb8 15. Bd3 Ne7 16. Nce3 Bxe3 17. Nxe3 d5 18. hxg6 hxg6 19. Qf3 Kg7 20. Qg3 Qd6 21.
Qh4 Bd7 22. Qh6+ Kf6 23. Qh4+ g5 24. Qh6+ Ng6 25. Nxd5+ Ke6 26. Qg7 Bc6 27. Rh6 Kd7 28.
Nf6+ Kc7 29. Rxg6 Qxd3 30. Rd1 Qc4 31. Nd5+ Bxd5 32. Qxe5+ Kb7 33. Rd6 Qxe4+ 34. Qxe4 Bxe4 35. Rd7+ Kb6 36. R1d6+ Bc6 0-1

[Event "Early-Titled-Tuesday-Blitz-April-23-2024"]
[Site "Chess.com"]
[Date "2024.04.23"]
[Round "10"]
[White "zurzan"]
[Black "patzer-reloaded"]
[Result "1-0"]
[WhiteElo "2152"]
[BlackElo "2415"]
[TimeControl "180+1"]
[EndTime "10:00:41 PDT"]
[Termination "zurzan won by checkmate"]

1. c4 c5 2. g3 Nc6 3. Bg2 g6 4. Nf3 Bg7 5. Nc3 d6 6. O-O e5 7. d3 Nge7 8. h3 O-O 9. e4 Rb8 10. Rb1 a6 11. a3 b5 12. cxb5 axb5 13. b4 cxb4 14. axb4 d5 15. Nxd5 Nxd5 16. exd5 Qxd5 17. Re1 Qd6 18. Ng5 Nd4 19. Ne4 Qb6 20. Be3 Rd8 21. Rc1 Bb7 22. Rc5 Ra8 23. h4 Bf8 24. Rxe5 Bxb4 25. Rf1 Qc7 26. Nf6+ Kg7 27. Ne8+ Rxe8 28. Rxe8 Bxg2 29. Bxd4+ f6 30. Rxa8 Bxa8 31. Qb3 Qb7 32. f3 Bf8 33. Qe6 b4 34. Qxf6+ Kh6 35. Qg5# 1-0

[Event "Early-Titled-Tuesday-Blitz-April-23-2024"]
[Site "Chess.com"]
[Date "2024.04.23"]
[Round "10"]
[White "PolandHussars"]
[Black "luckyswitchback"]
[Result "1-0"]
[WhiteElo "2601"]
[BlackElo "2702"]
[TimeControl "180+1"]
[EndTime "10:00:42 PDT"]
[Termination "PolandHussars won by resignation"]

1. e4 c6 2. Nc3 d5 3. Nf3 dxe4 4.
Nxe4 Nf6 5. Ng3 h5 6. Bc4 h4 7. Nf1 Qc7 8. h3 Bf5 9. Ne3 Bg6 10. d4 Bh5 11. c3 e6 12. Be2 Nbd7 13. Nc4 O-O-O 14.
Bg5 Be7 15. Qa4 Kb8 16. Nce5 Nxe5 17. Nxe5 Bxe2 18. Kxe2 Rhf8 19. Bxh4 Nd5 20. Bg3 Bd6 21. Raf1 f6 22. Ng6 Bxg3 23. Nxf8 Bd6 24. Ng6 Qf7 25. Nh4 Qh5+ 26. Nf3 Nf4+ 27. Kd2 Nxg2 28. Ne1 Bf4+ 29.
Kc2 Nxe1+ 30. Rxe1 Qf5+ 31. Kb3 Rd5 32. a3 Bd2 33. Ref1 Qd3 34. Ka2 Bxc3 35. Qb3 Qxd4 36. Qxc3 Qe4 37. Rd1 a6 38. Rhe1 Qg2 39. Rxd5 Qxd5+ 40. Qb3 e5 41. Qxd5 cxd5 42. h4 g6 43. Rg1 d4 44. Rxg6 d3 45. Kb3 a5 46. Rxf6 a4+ 47.
Kc3 d2 48. Kxd2 b6 49. Ke3 e4 50. h5 Kb7 51. h6 Ka6 52. h7 Kb7 53. h8=Q Ka6 54. Qa8+ Kb5 55. Rf5+ Kc4 1-0

[Event "Early-Titled-Tuesday-Blitz-April-23-2024"]
[Site "Chess.com"]
[Date "2024.04.23"]
[Round "10"]
[White "LuisFSiles"]
[Black "klifus"]
[Result "0-1"]
[WhiteElo "2437"]
[BlackElo "2196"]
[TimeControl "180+1"]
[EndTime "10:00:42 PDT"]
[Termination "klifus won by resignation"]

1. e4 c5 2. Nf3 d6 3. Bb5+ Bd7 4. Bxd7+ Nxd7 5. O-O Ngf6 6. Re1 e6 7. c3 Be7 8. d4 cxd4 9. cxd4 O-O 10. Nc3 Rc8 11. Bg5 h6 12. Bh4 a6 13. a4 Ne8 14. Bg3 Qb6 15.
Qd2 Rc4 16. a5 Qc7 17. Rec1 Nef6 18. b3 Rc6 19. d5 exd5 20. exd5 Rc5 21. Na4 Rxc1+ 22.
Rxc1 Qb8 23. Nb6 Nxb6 24. axb6 Rc8 25. Rc4 Rxc4 26. bxc4 Qc8 27. Qb4 Ne4 28. Nd4 g6 29. f3 Qc5 30. Qxc5 Nxc5 31. Nc2 Nd7 32. Bf2 Bd8 33. Nb4 Bxb6 34. Nd3 Bxf2+ 35. Kxf2 Kf8 36. Ke3 Ke7 37. Kd4 b6 38. f4 a5 39. g4 f5 40. h3 Kf6 41. Nf2 Nc5 42. Kc3 Ne4+ 43. Nxe4+ fxe4 44. Kd4 a4 45. Kxe4 a3 0-1

[Event "Early-Titled-Tuesday-Blitz-April-23-2024"]
[Site "Chess.com"]
[Date "2024.04.23"]
[Round "10"]
[White "vladgoncharov"]
[Black "joshdaruca"]
[Result "1/2-1/2"]
[WhiteElo "2601"]
[BlackElo "2747"]
[TimeControl "180+1"]
[EndTime "10:00:43 PDT"]
[Termination "Game drawn by stalemate"]

1. d4 Nf6 2. c4 e6 3. Nc3 d5 4. cxd5 Nxd5 5. e4 Nxc3 6. bxc3 c5 7. Bb5+ Nd7 8. Rb1 Qc7 9. Nf3 Be7 10. O-O O-O 11.
Bg5 Bxg5 12. Nxg5 h6 13. Nf3 Rd8 14. Qe2 b6 15. Bxd7 Bxd7 16. Ne5 Ba4 17. Qe3 Rac8 18. Rbc1 Qd6 19. Nf3 Rc7 20. h4 Rdc8 21. g4 cxd4 22. cxd4 Rc2 23. Rxc2 Rxc2 24. Rc1 Qc7 25. Rxc2 Qxc2 26.
g5 hxg5 27. Nxg5 Qc7 28. h5 Bd1 29. h6 gxh6 30. Nh3 Kg7 31. Nf4 Qe7 32. Kh2 Qg5 33.
e5 Ba4 34. d5 exd5 35. e6 Kf8 36. exf7 Bd7 37. Qd4 Kxf7 38. Nxd5 Bc6 39. Nf4 Qc5 40. Qd3 Qxf2+ 41. Kh3 Qc5 42. Qh7+ Ke8 43. Qxh6 Bd7+ 44. Kg3 Qa3+ 45. Kh4 Qxa2 46. Qd6 Qh2+ 47. Kg5 Qg3+ 48.
Kf6 Qc3+ 49. Kg5 Qc5+ 50. Qxc5 bxc5 51. Kf6 Kd8 52. Ke5 Kc7 53. Kd5 Kb6 54. Kc4 a5 55.
Kc3 Kb5 56. Nd3 Be6 57. Nxc5 Kxc5 58. Kb2 Kb4 59. Ka1 Ka3 60. Kb1 Bd7 61. Ka1 Bc6 62. Kb1 a4 63. Ka1 Kb3 64. Kb1 a3 65. Ka1 a2 1/2-1/2

[Event "Early-Titled-Tuesday-Blitz-April-23-2024"]
[Site "Chess.com"]
[Date "2024.04.23"]
[Round "10"]
[White "jeetjain"]
[Black "alexrustemov"]
[Result "1-0"]
[WhiteElo "2627"]
[BlackElo "2836"]
[TimeControl "180+1"]
[EndTime "10:00:43 PDT"]
[Termination "jeetjain won by checkmate"]

1. c4 c5 2. Nc3 g6 3. Nf3 Bg7 4. d4 cxd4 5. Nxd4 Nc6 6. Nxc6 bxc6 7. e4 d6 8. Be2 Nf6 9. O-O O-O 10. Rb1 c5 11. b3 Nd7 12. Bb2 Ne5 13. f4 Nc6 14.
Bd3 Nd4 15. Ne2 Bg4 16. h3 Bxe2 17. Bxe2 a5 18. Bxd4 Bxd4+ 19. Kh1 e5 20. f5 Qg5 21. Rf3 a4 22. bxa4 Ra7 23. Bd3 Rfa8 24. Bc2 h5 25.
Qe2 Kg7 26. Rbf1 Rb8 27. Bb3 h4 28. Qe1 Rh8 29. Qc1 Qxc1 30. Rxc1 Rb8 31. Rcf1 Rb4 32. fxg6 fxg6 33. Rf8 Rbxa4 34. Bxa4 Rxa4 35. g3 hxg3 36.
R1f7+ Kh6 37. Kg2 Kg5 38. Kxg3 Ra3+ 39. Rf3 Rxa2 40. Rh8 Rg2+ 41. Kxg2 Bf2 42. Kxf2 d5 43. h4+ Kg4 44. cxd5 c4 45. d6 c3 46. Rxc3 Kf4 47. d7 Kxe4 48. d8=Q Kf4 49. Qg5+ Ke4 50. Re3+ Kd4 51.
Qxe5+ Kc4 52. Qe4+ Kc5 53. Qxg6 Kd4 54. h5 Kc5 55. h6 Kd4 56. h7 Kc5 57. Rf8 Kd4 58. h8=Q+ Kc4 59. Rf4+ Kb5 60. Qg5+ Kb6 61. Qhh6+ Kb7 62.
Rf7+ Ka8 63. Re8# 1-0

[Event "Early-Titled-Tuesday-Blitz-April-23-2024"]
[Site "Chess.com"]
[Date "2024.04.23"]
[Round "10"]
[White "BozeKat"]
[Black "David_George21"]
[Result "0-1"]
[WhiteElo "2113"]
[BlackElo "2330"]
[TimeControl "180+1"]
[EndTime "10:00:43 PDT"]
[Termination "David_George21 won on time"]

1. d4 Nf6 2. c4 e6 3. g3 d5 4.
Bg2 dxc4 5. Qc2 Qxd4 6. Be3 Qd8 7. Qxc4 Bd6 8. Nc3 O-O 9. Nf3 Nc6 10. O-O a6 11.
Rfd1 Qe7 12. Rac1 Bd7 13. Ng5 h6 14. Nge4 Nxe4 15. Nxe4 Ne5 16. Qd4 Bc6 17. Nxd6 cxd6 18. Qxd6 Qxd6 19. Rxd6 Rad8 20. Rcd1 Rxd6 21. Rxd6 Nc4 22.
Rd3 Nxb2 23. Rb3 Nc4 24. Bxc6 bxc6 25. Rc3 Nxe3 26. Rxe3 Rb8 27. Ra3 Rb6 28. Ra5 Kf8 29. Kg2 Ke7 30. Kf3 Kd7 31. Ke4 Kc7 32. Ke5 Rb5+ 33. Rxb5 cxb5 34. h4 Kc6 35. h5 a5 36.
f4 Kc5 37. g4 b4 38. g5 a4 39. f5 exf5 40. Kxf5 hxg5 41. Kxg5 b3 42. axb3 axb3 0-1